 Dungeon Crawl Stone Soup version 0.32-a0-575-gafe9d2b (webtiles) character file.

Game seed: 2734749216839605207

19061 LoveAbyss the Mimic (level 12, -3/111 HPs)
             Began as a Yellow Draconian Shapeshifter on Mar 1, 2024.
             Was a High Priest of Wu Jian.
             Killed by divine providence
             ... invoked by a meliai
              (16 damage)
             ... on level 11 of the Dungeon.
             The game lasted 00:27:50 (11351 turns).

LoveAbyss the Mimic (DrSh)                         Turns: 11351, Time: 00:27:51

Health: -3/111     AC: 17    Str: 17    XL:     12   Next: 33%
Magic:  0/12       EV: 16    Int: 14    God:    Wu Jian [*****.]
Gold:   496        SH:  0    Dex: 14    Spells: 11/11 levels left

rFire   . . .        a - melded +3 short sword (venom)
rCold   . . .        (shield currently unavailable)
rNeg    . . .        (body armour unavailable)
rPois   .            x - +1 hat {Will+}
rElec   .            v - +2 cloak "Dileec" {Fly Int+2}
rCorr   +            F - +0 pair of gloves
SInv    .            (no boots)
Will    +....        t - amulet of guardian spirit
Stlth   +            j - ring of willpower
HPRegen 0.38/turn    q - +4 ring of protection
MPRegen 0.13/turn

%: guardian spirit
@: flux-form, weak-willed, flying, glowing
A: glow, contaminating, caustic breath, AC +8, unfitting armour, cold-blooded,
acid resistance
a: Caustic Breath, Begin Untransformation, Renounce Religion, Wall Jump,
Serpent's Lash, Heavenly Storm


You were on level 11 of the Dungeon.
You worshipped Wu Jian.
Wu Jian was extremely pleased with you.
You were something dangerously unstable.
You visited 2 branches of the dungeon, and saw 12 of its levels.
You also visited: Ossuary and Bailey.

You collected 1479 gold pieces.
You spent 983 gold pieces at shops.

Inventory:

Hand Weapons
 a - a +3 short sword of venom (melded)
Missiles
 G - 2 throwing nets
Armour
 v - the +2 cloak "Dileec" (worn) {Fly Int+2}
   (You found it on level 4 of the Dungeon)

   Int+2:     It affects your intelligence (+2).
   Fly:       It grants you flight.
 x - a +1 hat of willpower (worn)
 F - a +0 pair of gloves (worn)
Jewellery
 j - a ring of willpower (left hand)
 k - a ring of ice
 o - a ring of positive energy
 q - a +4 ring of protection (right hand)
 t - an amulet of guardian spirit (around neck)
Talismans
 b - a beast talisman
 c - a flux talisman (active)
 H - a maw talisman
Wands
 i - a wand of digging (4)
 n - a wand of charming (14)
 D - a wand of mindburst (4)
Scrolls
 d - 3 scrolls of teleportation
 h - 4 scrolls of enchant weapon
 p - 4 scrolls of fog
 u - 2 scrolls of amnesia
 z - a scroll of brand weapon {unknown}
 E - a scroll of fear
 I - a scroll of enchant armour
Potions
 e - 4 potions of lignification
 f - 3 potions of mutation
 g - 4 potions of curing
 m - a potion of invisibility
 r - 3 potions of haste
 s - 2 potions of might
 w - a potion of cancellation
 A - 3 potions of enlightenment
 B - a potion of berserk rage
 C - 2 potions of heal wounds
Miscellaneous
 y - a box of beasts


   Skills:
 + Level 11.7 Fighting
 - Level 1.7 Dodging
 - Level 10.0 Unarmed Combat
 - Level 14.0 Shapeshifting


You had 11 spell levels left.
You didn't know any spells.
Your spell library contained the following spells:

 Spells                   Type           Power      Damage    Failure   Level
 Apportation              Tloc           0%         N/A       28%         1
 Magic Dart               Conj           0%         1d3       28%         1
 Summon Small Mammal      Summ           0%         N/A       28%         1
 Jinxbite                 Hex            0%         N/A       41%         2
 Searing Ray              Conj           0%         2d4       41%         2
 Sublimation of Blood     Necr           0%         N/A       41%         2
 Call Canine Familiar     Summ           0%         N/A       65%         3
 Dazzling Flash           Conj/Hex       0%         N/A       65%         3
 Fugue of the Fallen      Necr           0%         N/A       65%         3
 Mephitic Cloud           Conj/Alch/Air  0%         N/A       65%         3
 Animate Dead             Necr           0%         N/A       96%         4
 Fulminant Prism          Conj/Alch      0%         3d5       96%         4
 Passage of Golubria      Tloc           0%         N/A       96%         4
 Petrify                  Alch/Erth      0%         N/A       96%         4
 Summon Blazeheart Golem  Fire/Summ      0%         N/A       96%         4
 Alistair's Intoxication  Alch           0%         N/A       100%        5
 Curse of Agony           Necr           0%         N/A       100%        5
 Irradiate                Conj/Alch      0%         3d11      100%        5
 Silence                  Hex/Air        0%         N/A       100%        5
 Summon Forest            Summ/Tloc      0%         N/A       100%        5
 Eringya's Noxious Bog    Alch           0%         4d6       100%        6
 Haunt                    Necr/Summ      0%         N/A       100%        7
 Summon Hydra             Summ           0%         N/A       100%        7
 Disjunction              Tloc           0%         N/A       100%        8
 Infestation              Necr           0%         N/A       100%        8


Dungeon Overview and Level Annotations

Branches:
Dungeon (11/15) Zot: 26511  Temple (1/1) D:7 Zot: 5973    Lair (0/5) D:8
Ossuary (visited)          Bailey (visited)
    Orc: D:9-12

Altars:
Ashenzari
Cheibriados
Dithmenos
Elyvilon
Fedhas
Gozag
Hepliaklqana
Kikubaaqudgha
Makhleb
Nemelex Xobeh
Okawaru
Qazlal
Ru
Sif Muna
Trog
Uskayaw
Vehumet
Wu Jian
Xom
Yredelemnul
Zin
The Shining One

Shops:
D:8 *


Innate Abilities, Weirdness & Mutations

You are something dangerously unstable.
You glow with magical radiation, making you easy to see and hit.
Foes you strike become dangerously contaminated with magical radiation.
You are incapable of wielding weapons or throwing items.
You can breathe corrosive fumes.
Your golden yellow scales are hard. (AC +8)
You cannot fit into any form of body armour.
You are cold-blooded and may be slowed by cold attacks.
You are resistant to acid. (rCorr)


Message History

* * * LOW HITPOINT WARNING * * *
The meliai stings you but does no damage.
The meliai hits you with a +0 hand axe.
* * * LOW HITPOINT WARNING * * *
The meliai stings you but does no damage.
You take 25 HP, and have [18/111] HP !!!!!
HP Warning !!!!!
You lose 2MP, and have [2/12] MP Unknown command.
Okay, then.
Okay, then.
Okay, then.
As you read the scroll of fear, it crumbles to dust.
You assume a fearsome visage.
The meliai resists with some effort.
The meliai looks frightened!
The meliai barely misses you. The meliai stings you.
* * * LOW HITPOINT WARNING * * *
You are lethally poisoned!
The meliai poisons you! The meliai hits you but does no damage.
The meliai stings you but does no damage.
You take 3 HP, and have [15/111] HP You feel much better.
You feel very sick. The meliai hits you with a +0 hand axe.
* * * LOW HITPOINT WARNING * * *
The meliai stings you.
* * * LOW HITPOINT WARNING * * *
You are more poisoned.
The meliai poisons you!
The meliai calls upon its god to heal the meliai.
The meliai is healed somewhat.
You gain 3 hp, and have [18/111] hp.
You lose 2MP, and have [0/12] MP You feel better.
The meliai is engulfed in acidic fog.
The meliai mumbles some strange prayers to its god against you.
Something smites you!
* * * LOW HITPOINT WARNING * * *
The meliai mumbles some strange prayers to its god against you.
Something smites you!
You die...

#..........##.# #...#
............##.# #...#
.##..........##.#
#...# .
#..........##.# #...#
#..........##.####...#
#..........##........#
#....................#
#...y.........####....
#....p........# #....
#§§☼#####..#..# #....
#y.. #..#..# #..##
#... #..#..# #..##
#... #..#..# #..##
#>.y #..#..# #..##
#.y. #..#..# #..##
#... #..#..# #..##
#..#..# #..##


You could see 2 meliai.

Vanquished Creatures
  2 boulder beetles
  3 two-headed ogres (D:9)
  Amaemon (D:7)
  A skeletal warrior (D:9)
  Lodul (D:10)
  A meliai (D:11)
  A cyclops (D:11)
  An orange demon (D:8)
  A komodo dragon (D:8)
  A yaktaur (D:9)
  An unseen horror (D:10)
  A troll (D:10)
  3 red devils (D:9)
  A hornet (D:9)
  A slime creature (D:9)
  Sigmund (D:6)
  4 wyverns
  A wraith (D:9)
  A shadow (D:11)
  11 yaks
  A vampire (D:10)
  2 steam dragons
  A vampire mosquito (D:10)
  An acid dragon (D:9)
  2 water moccasins
  17 orc warriors
  3 ice beasts
  2 sky beasts
  8 ogres
  3 black bears
  16 centaurs
  3 phantoms
  4 kobold brigands
  3 gnoll sergeants
  5 bullfrogs
  4 scorpions
  12 wights
  9 killer bees (D:9)
  4 howler monkeys
  An electric eel (D:9)
  6 orc priests
  2 gnoll boudas
  4 hounds
  A jelly (D:6)
  2 sleepcaps
  8 iguanas
  13 orc wizards
  8 mummies (Ossuary)
  5 adders
  21 gnolls
  A white imp (D:7)
  2 ribbon worms (D:2)
  3 dart slugs
  52 orcs
  5 endoplasms
  9 goblins
  6 hobgoblins
  2 jackals (D:5)
  6 quokkas
  4 ball pythons
  4 bats
  2 frilled lizards
  2 gnoll zombies (Ossuary)
  2 hobgoblin zombies (Ossuary)
  20 kobolds
  3 kobold zombies (Ossuary)
  An orc zombie (Ossuary)
  8 rats
341 creatures vanquished.

Notes
Turn   | Place    | Note
-------+----------+-------------------------------------------
     0 | D:1      | LoveAbyss the Draconian Shapeshifter began the quest for
                  | the Orb.
     0 | D:1      | Reached XP level 1. HP: 16/16 MP: 1/1
     0 | D:1      | Upgraded the game from 0.32-a0-574-g9f707a9 to
                  | 0.32-a0-575-gafe9d2b
   246 | D:1      | Reached XP level 2. HP: 18/24 MP: 2/2
   732 | D:1      | Reached XP level 3. HP: 23/30 MP: 3/3
  1021 | D:2      | Reached skill level 4 in Shapeshifting
  1021 | D:2      | Reached XP level 4. HP: 14/38 MP: 4/4
  2079 | D:3      | Found a faded altar of an unknown god.
  2349 | D:4      | Noticed a scorpion
  2357 | D:4      | Killed a scorpion
  2358 | D:4      | Reached skill level 5 in Shapeshifting
  2358 | D:4      | Reached XP level 5. HP: 45/45 MP: 5/5
  2370 | D:4      | Identified the +2 cloak "Dileec" {Fly Int+2}
  2611 | D:4      | Found a shimmering blue altar of Sif Muna.
  2682 | D:4      | Reached XP level 6. HP: 51/51 MP: 6/6
  2731 | D:4      | Reached skill level 6 in Shapeshifting
  3168 | D:5      | Entered Level 5 of the Dungeon
  3184 | D:5      | Reached skill level 7 in Shapeshifting
  3184 | D:5      | Your scales start taking on a golden yellow colour.
  3184 | D:5      | Reached XP level 7. HP: 53/57 MP: 7/7
  3184 | D:5      | Gained mutation: You are resistant to acid. (rCorr) [Yellow
                  | Draconian growth]
  3295 | D:5      | Found a sand-covered staircase.
  3304 | Ossuary  | Entered an ossuary
  3346 | Ossuary  | Reached skill level 8 in Shapeshifting
  3814 | D:5      | Reached XP level 8. HP: 63/63 MP: 8/8
  4044 | D:6      | Reached skill level 9 in Shapeshifting
  4185 | D:6      | Found a shadowy altar of Dithmenos.
  4262 | D:6      | Identified the +2 robe "Bepuicke" {Fly rElec rF+++ Int-3}
  4390 | D:6      | Reached skill level 10 in Shapeshifting
  4522 | D:6      | Reached XP level 9. HP: 66/69 MP: 9/9
  4526 | D:6      | Reached skill level 11 in Shapeshifting
  4538 | D:6      | Noticed Sigmund
  4551 | D:6      | Killed Sigmund
  4715 | D:6      | Found an iron altar of Okawaru.
  4724 | D:6      | Found an opulent altar of Gozag.
  4939 | D:7      | Found a staircase to the Ecumenical Temple.
  5013 | Temple   | Entered the Ecumenical Temple
  5026 | Temple   | Became a worshipper of the Wu Jian Council
  5375 | D:7      | Reached skill level 12 in Shapeshifting
  5672 | D:8      | Noticed Amaemon
  5672 | D:8      | Noticed an orange demon
  5719 | D:7      | Killed Amaemon
  5720 | D:7      | Reached skill level 13 in Shapeshifting
  5761 | D:7      | Reached * piety under Wu Jian
  5900 | D:8      | Reached XP level 10. HP: 17/77 MP: 10/10
  5915 | D:8      | Found a flagged portal.
  5923 | Bailey   | Entered a bailey
  6724 | Bailey   | Reached skill level 14 in Shapeshifting
  6878 | Bailey   | Reached ** piety under Wu Jian
  7029 | Bailey   | Got Utawinwo's Vellum of Doomed Geometry
  7120 | D:8      | Killed an orange demon
  7215 | D:8      | Reached skill level 5 in Fighting
  7336 | D:8      | Reached skill level 5 in Unarmed Combat
  7351 | D:8      | Found a staircase to the Lair.
  7437 | D:8      | Found Raulash's Assorted Antiques.
  7440 | D:8      | Bought a scroll of enchant weapon for 232 gold pieces
  7440 | D:8      | Bought a thin ruby amulet for 155 gold pieces
  7440 | D:8      | Bought a scroll of amnesia for 124 gold pieces
  7699 | D:9      | Noticed a two-headed ogre
  7740 | D:9      | Killed a two-headed ogre
  7741 | D:9      | Reached XP level 11. HP: 35/91 MP: 4/11
  7892 | D:9      | Reached *** piety under Wu Jian
  7893 | D:9      | Noticed a two-headed ogre
  7901 | D:9      | Killed a two-headed ogre
  8255 | D:9      | Noticed a boulder beetle
  8266 | D:9      | Killed a boulder beetle
  8309 | D:9      | Reached **** piety under Wu Jian
  8339 | D:9      | Noticed a skeletal warrior
  8367 | D:9      | Killed a skeletal warrior
  8943 | D:9      | Identified the +0 helmet of Birdsong {rElec Stlth+}
  9137 | D:9      | Noticed a two-headed ogre
  9147 | D:9      | Killed a two-headed ogre
  9641 | D:10     | Entered Level 10 of the Dungeon
  9859 | D:10     | Reached skill level 10 in Fighting
  9911 | D:10     | Reached XP level 12. HP: 106/106 MP: 12/12
  9978 | D:10     | Reached skill level 10 in Unarmed Combat
 10378 | D:10     | Found Suon's Magic Scroll Shop.
 10387 | D:10     | Bought a scroll of fog for 60 gold pieces
 10387 | D:10     | Bought a scroll of fog for 60 gold pieces
 10387 | D:10     | Bought a scroll of amnesia for 60 gold pieces
 10387 | D:10     | Bought a scroll of identify for 30 gold pieces
 10387 | D:10     | Bought a scroll of fear for 60 gold pieces
 10387 | D:10     | Bought a scroll of identify for 30 gold pieces
 10387 | D:10     | Bought a scroll of fear for 60 gold pieces
 10387 | D:10     | Bought a scroll of enchant armour for 112 gold pieces
 10394 | D:10     | Noticed Lodul
 10406 | D:10     | Reached ***** piety under Wu Jian
 10407 | D:10     | Killed Lodul
 10512 | D:10     | Found a hazy altar of Hepliaklqana.
 10554 | D:10     | Found a sacrificial altar of Ru.
 10949 | D:11     | Noticed a boulder beetle
 10966 | D:11     | Killed a boulder beetle
 11351 | D:11     | Killed from afar by a meliai

Illustrated notes

Levels and vault maps discovered:
D:1:      denvon_arrival_waterhouse, layout_basic
D:2:      kennysheep_six_static_rooms, layout_rooms, glass_columns_a,
          serial_bayou_pond_e, grunt_decor_junction
D:3:      layout_loops_cross, dreamdust_ecumenical_altar_angels_and_demons
D:4:      layout_basic, old_standard_altar
D:5:      layout_gridville, nicolae_ossuary_entry_ruins
D:6:      layout_basic, kennysheep_little_box, mainiacjoe_overflow_swirl,
          uniq_sigmund
D:7:      layout_cave_pools, minmay_temple_entry_proselytizer
D:8:      layout_basic, david_lair_shrubbed, enter_bailey_3, serial_shops,
          nicolae_shop_behind_doors, uniq_amaemon
D:9:      nzn_winding_woodlands_cross
          [nzn_winding_woodlands_5x15_river_crossing,
          nzn_winding_woodlands_5x15_crooked, nzn_winding_woodlands_5x15_pool,
          nzn_winding_woodlands_5x15_concentric,
          nzn_winding_woodlands_15x15_five_gardens], layout_rooms, serial_bayou,
          serial_bayou_pond_b, serial_bayou_lagoon_a, serial_bayou_pond_c,
          serial_bayou_crossing, einodemon_armed_red_devil_minivault
D:10:     layout_basic, nicolae_ru_the_path_less_chosen,
          nzn_hepliaklqana_mist_gate, serial_shops,
          nicolae_shop_temple_entry_statues_fountains,
          minmay_increasing_density, uniq_lodul
D:11:     layout_long_grid, minmay_crystal_room, zin_scriptorium, uniq_harold
Temple:   regret_index_temple_sphere_string

Skill      XL: |  1  2  3  4  5  6  7  8  9 10 11 12 |
---------------+-------------------------------------+-----
Fighting       | 2 3 6 10 11 | 11.7
Shapeshifting  | 4 5 7 8 10 13 14 | 14.0
Unarmed Combat | 6 9 10 | 10.0
Dodging        | |  1.7

Action                     |  1- 3 |  4- 6 |  7- 9 | 10-12 || total
---------------------------+-------+-------+-------+-------++-------
  Melee: Unarmed           |    75 |       |   372 |   689 ||  1136
         Tailslap          |     4 |    15 |    80 |   145 ||   244
         Punch             |     2 |       |       |       ||     2
         Whip              |    16 |    11 |       |       ||    27
         Short sword       |       |   110 |    31 |       ||   141
 Invoke: Serpent's Lash    |       |       |       |     1 ||     1
Ability: Caustic Breath    |       |       |     7 |     8 ||    15
         Lunge             |       |       |     8 |    45 ||    53
         Whirlwind         |       |       |     1 |    24 ||    25
  Evoke: Wand              |       |       |       |    43 ||    43
         Box of beasts     |       |       |       |     1 ||     1
    Use: Potion            |     1 |       |       |     4 ||     5
         Scroll            |       |       |    13 |    13 ||    26
   Stab: Sleeping          |       |     1 |       |       ||     1
         Distracted        |       |       |     1 |       ||     1
 Armour: Skin              |    56 |    79 |   205 |   390 ||   730
  Dodge: Dodged            |    58 |    63 |   299 |   562 ||   982
  Block: Other             |       |    10 |    87 |    59 ||   156
         Reflection        |       |       |     1 |       ||     1
   Form: Flux              |       |       |     1 |       ||     1

Table legend: (Time is in decaauts)
 A = Elapsed time spent in this place.
 B = Non-inter-level travel time spent in this place.
 C = Inter-level travel time spent in this place.
 D = Time resting spent in this place.
 E = Time spent auto-exploring this place.
 F = Levels seen in this place.
 G = Mean time per level.
                   A        B        C        D        E       F      G
               +--------+--------+--------+--------+--------+-----+--------+
         Total |  11264 |  10751 |    513 |    784 |   7019 |  14 |  804.6 |
       Dungeon |   9746 |   9257 |    489 |    548 |   6404 |  11 |  886.0 |
        Temple |     26 |      2 |     24 |      0 |      0 |   1 |   26.0 |
       Ossuary |    312 |    312 |      0 |      0 |    175 |   1 |  312.0 |
        Bailey |   1179 |   1179 |      0 |    236 |    440 |   1 | 1179.0 |
               +--------+--------+--------+--------+--------+-----+--------+

Top non-repeatable levels by time:
     D:9: 1919 daAuts
    D:10: 1198 daAuts
  Bailey: 1179 daAuts
     D:6: 936 daAuts
     D:2: 890 daAuts
     D:4: 818 daAuts
     D:8: 791 daAuts
     D:1: 790 daAuts
     D:7: 748 daAuts
     D:3: 670 daAuts
     D:5: 493 daAuts
    D:11: 487 daAuts
 Ossuary: 312 daAuts
  Temple: 26 daAuts
